 Dungeon Crawl Stone Soup version 0.24.0-125-gc4c63601f3 (webtiles) character file.

Game seed: 7793531979515161015, levelgen mode: deterministic

62 Amplified the Conjurer (level 4, -3/39 HPs)
             Began as a Gargoyle Conjurer on Mar 11, 2020.
             Slain by Natasha (4 damage)
             ... on level 2 of the Dungeon.
             The game lasted 00:03:04 (1662 turns).

Amplified the Conjurer (Gargoyle Conjurer)          Turns: 1662, Time: 00:03:06

Health: -3/39      AC: 22    Str: 11    XL:     4   Next: 8%
Magic:  7/7        EV:  2    Int: 16    God:
Gold:   90         SH:  0    Dex: 19    Spells: 1/7 levels left

rFire    . . .     SeeInvis .   b - +0 whip
rCold    + . .     Gourm    .   (no shield)
rNeg     + + +     Faith    .   (armour currently unavailable)
rPois    ∞         Spirit   .   (helmet currently unavailable)
rElec    .         Reflect  .   (cloak currently unavailable)
rCorr    .         Harm     .   (gloves currently unavailable)
MR       .....     NoTele   +   (boots currently unavailable)
Stlth    +++.......             (no amulet)
HPRegen  0.13/turn              e - +3 ring of dexterity
MPRegen  0.10/turn              d - ring of protection from cold

@: agile, tree-form, slowed, very slow
A: negative energy resistance 1, petrification resistance, rot immunity, AC +3
a: no special abilities


You were on level 2 of the Dungeon.
You were not hungry.
You were a tree.
You visited 1 branch of the dungeon, and saw 2 of its levels.

You collected 90 gold pieces.

Inventory:

Hand Weapons
 b - a +0 whip (weapon)
Missiles
 j - 16 poisoned darts (quivered)
Armour
 a - a +0 robe (melded)
Jewellery
 d - a ring of protection from cold (right branch)
 e - a +3 ring of dexterity (left branch)
 o - a +4 ring of intelligence
Scrolls
 h - a scroll of immolation
 k - a scroll of noise {unknown}
 l - a scroll of amnesia
 m - a scroll of remove curse
Potions
 i - a potion of flight {unknown}
 n - a potion of magic
 p - 2 potions of cancellation {unknown}
 r - a potion of curing {unknown}
Comestibles
 c - 3 rations
 q - 3 chunks of flesh


   Skills:
 * Level 1.7 Fighting
 * Level 1.4 Maces & Flails
 * Level 2.2 Dodging
 - Level 2.1 Stealth
 - Level 2.0 Spellcasting
 * Level 4.8 Conjurations


You had one spell level left.
You knew the following spells:

 Your Spells              Type           Power        Failure   Level  Hunger
a - Magic Dart            Conj           ###.         2%          1    #......
b - Searing Ray           Conj           ###...       4%          2    ###....
c - Dazzling Spray        Conj/Hex       #.....       22%         3    ###....

Your spell library contained the following spells:

 Spells                   Type           Power        Failure   Level  Hunger
 Iskenderun's Mystic Bla  Conj           ###.....     28%         4    #####..
 Force Lance              Conj/Tloc      #.......     58%         4    #####..
 Fulminant Prism          Conj/Hex       #.........   58%         4    #####..


Dungeon Overview and Level Annotations

Branches:
Dungeon (2/15)

Altars:

Annotations:
D:2 Natasha


Innate Abilities, Weirdness & Mutations

You are resistant to torment.
((Your stone body is resilient. (AC +3)))
You are immune to poison.
You resist negative energy. (rN+)
((You are resistant to electric shocks. (rElec)))
((You can survive without breathing.))
You are immune to petrification.
You are immune to rotting.


Message History

The magic dart hits you.
* * * LOW HITPOINT WARNING * * *
The white imp hits you.
* * * LOW HITPOINT WARNING * * *
The white imp freezes you. You resist.
* * * LOW HITPOINT WARNING * * *
It was a potion of agility.
You feel agile all of a sudden.
The frilled lizard bites you but does no damage.
The crimson imp blinks!
Natasha mumbles some strange words.
The white imp hits you but does no damage.
The frilled lizard bites you but does no damage.
It was a potion of magic.
Magic courses through your body. Natasha claws you but does no damage.
The white imp hits you.
* * * LOW HITPOINT WARNING * * *
The white imp freezes you. You resist.
* * * LOW HITPOINT WARNING * * *
The frilled lizard barely misses you. Natasha claws you.
You die...

... ... ... ... # ... .
#.# ... ...##.### ...
......l.################
....5(5♣................
##....h5...#############
#############.......#
#####
.........5..).......#
#....
############(.......#
#.... #.####+###
#######.... #.# #.#
#.......... #.# #.#
#.......... #####.####.#
#..........


You could see Natasha, a crimson imp, a white imp, a shadow imp and a frilled
lizard.

Vanquished Creatures
  Jessica (D:2)
  An ooze (D:1)
  A dart slug (D:1)
  A leopard gecko (D:2)
  2 ball pythons
  3 goblins
  4 hobgoblins
  2 kobolds (D:1)
  4 bats
  3 frilled lizards
  9 rats
31 creatures vanquished.

Vanquished Creatures (others)
  A bat (D:2)
1 creature vanquished.

Grand Total: 32 creatures vanquished

Notes
Turn   | Place    | Note
-------+----------+-------------------------------------------
     0 | D:1      | Amplified the Gargoyle Conjurer began the quest for the
                  | Orb.
     0 | D:1      | Reached XP level 1. HP: 10/10 MP: 3/3
     3 | D:1      | Noticed an electric eel
     3 | D:1      | Noticed an electric eel
   244 | D:1      | Reached XP level 2. HP: 5/16 MP: 1/5
   532 | D:1      | Reached skill level 1 in Fighting
   748 | D:1      | Learned a level 2 spell: Searing Ray
  1091 | D:1      | Reached XP level 3. HP: 14/20 MP: 6/6
  1242 | D:1      | Reached skill level 1 in Maces & Flails
  1329 | D:2      | Noticed Jessica
  1377 | D:2      | Noticed Natasha
  1435 | D:2      | Learned a level 3 spell: Dazzling Spray
  1525 | D:2      | Killed Jessica
  1525 | D:2      | Reached XP level 4. HP: 25/26 MP: 7/7
  1662 | D:2      | HP: 1/39 [white imp[Natasha] (1)]
  1662 | D:2      | Slain by Natasha

Levels and vault maps discovered:
D:1:      arrival_aquarium_b, layout_basic, hangedman_glass_teeth,
          minmay_misc_feat_roman, minmay_tripent
D:2:      layout_basic, uniq_natasha, uniq_jessica, uniq_sigmund

Skill      XL: |  1  2  3 |
---------------+----------+-----
Fighting       | 1 |  1.7
Dodging        | 2 |  2.2
Maces & Flails | 1 |  1.4
Stealth        | |  2.1
Spellcasting   | |  2.0
Conjurations   | |  4.8

Action                   |  1- 3 |  4- 6 || total
-------------------------+-------+-------++-------
Melee: Unarmed           |    17 |       ||    17
       Whip              |    98 |    12 ||   110
Throw: Dart              |     3 |     5 ||     8
 Cast: Magic Dart        |    14 |       ||    14
  Use: Potion            |     1 |     3 ||     4
       Scroll            |     5 |       ||     5
 Stab: Sleeping          |     8 |       ||     8
  Eat: Chunk             |     2 |     1 ||     3
Armor: Robe              |    51 |    13 ||    64
       Skin              |     5 |    32 ||    37
Dodge: Dodged            |    80 |    16 ||    96
